 Dungeon Crawl Stone Soup version 0.19.1 (webtiles) character file.

506 Gargoyl the Skirmisher (level 7, 0/60 HPs)
             Began as a Ghoul Abyssal Knight on Dec 26, 2016.
             Was a Priest of Lugonu.
             Slain by Erica
             ... wielding a +4 scimitar of flaming
              (4 damage)
             ... on level 8 of the Dungeon.
             The game lasted 00:09:23 (3186 turns).

Gargoyl the Skirmisher (Ghoul Abyssal Knight)       Turns: 3186, Time: 00:09:24

Health: 0/60       AC: 11    Str: 15 (16) XL:     7   Next: 18%
Magic:  8/8        EV: 13    Int:  6 (7)  God:    Lugonu [***...]
Gold:   184        SH:  3    Dex:  9 (10) Spells: 0 memorised, 6 levels left

rFire  . . .     SeeInvis .     t - +1 war axe
rCold  + . .     Gourm    .     l - +0 ring mail
rNeg   + + +     Faith    .     m - +0 buckler
rPois  ∞         Spirit   .     (no helmet)
rElec  .         Reflect  .     h - +1 cloak
rCorr  .         Harm     .     n - +2 pair of gloves
MR     .....                    (no boots)
Stlth  ..........               j - amulet of magic regeneration
                                (no ring)
                                f - +3 ring of evasion

@: very slightly contaminated, rotting, hasted, very quick
A: rotting body, claws 1, carnivore 3, cold resistance 1, negative energy
resistance 3, slow regeneration 1, torment resistance, unbreathing
a: Depart the Abyss, Bend Space, Banish, Renounce Religion


You were on level 8 of the Dungeon.
You worshipped Lugonu.
Lugonu was most pleased with you.
You were not hungry.

You visited 1 branch of the dungeon, and saw 6 of its levels.
You visited the Abyss 1 time.

You collected 249 gold pieces.
You spent 65 gold pieces at shops.

Inventory:

Hand Weapons
 a - a +2 hand axe
 t - a +1 war axe (weapon)
Armour
 h - a +1 cloak (worn)
 l - a +0 ring mail (worn)
 m - a +0 buckler (worn)
 n - a +2 pair of gloves (worn)
Jewellery
 f - a +3 ring of evasion (left hand)
 j - an amulet of magic regeneration (around neck)
Wands
 g - a wand of acid (6/15)
 i - a wand of slowing (34/48)
Scrolls
 p - a scroll of remove curse
 r - a scroll of identify
 s - a scroll of amnesia
Comestibles
 b - a beef jerky
 c - 4 meat rations
 v - 2 chunks of flesh


   Skills:
 + Level 4.3 Fighting
 + Level 4.3 Axes
 * Level 3.8 Armour
 + Level 1.9 Dodging
 + Level 0.1 Shields
 * Level 3.6 Invocations


You had 6 spell levels left.
You didn't know any spells.

Dungeon Overview and Level Annotations

Branches:
Dungeon (5/15)
 Temple: D:4-7

Altars:
Cheibriados
Qazlal

Shops:
D:4 !

Annotations:
D:8 Erica


Innate Abilities, Weirdness & Mutations

Your body is rotting away.
You thrive on raw meat.
You are immune to poison.
You have sharp fingernails.
You are carnivorous and can eat meat at any time.
Your flesh is cold resistant. (rC+)
You are immune to negative energy. (rN+++)
You regenerate slowly when monsters are visible.
You are immune to unholy pain and torment.
You can survive without breathing.


Message History

You hit Erica.
Erica is moderately wounded.
Erica gestures at you while chanting. You resist with significant effort.
You slash Erica!
Erica is moderately wounded.
Erica misses you.
You hit Erica.
Erica is moderately wounded.
Erica points at you and mumbles some strange words.
You resist with significant effort.
You closely miss Erica.
Erica is moderately wounded.
Erica barely misses you.
You slash Erica!
Erica is heavily wounded.
You closely miss Erica.
Erica is heavily wounded.
Erica hits you with a scimitar of flaming.
You die...

#...........#
#...........#
#...........#
#...........#
#...........#
#...........#
########....#
.##.....##....#
...[...@@.....#
..............#
..............#
..............#
.##.....##....#
#.....##....#
..............#
..............#
...$..>.......#


You could see Erica.

Vanquished Creatures
  A big kobold (D:3)
  A bullfrog (D:5)
  A howler monkey (D:3)
  2 hounds (D:4)
  An orc wizard (D:3)
  2 worker ants (D:4)
  4 gnolls (D:3)
  6 adders
  2 oozes
  An adder skeleton (D:5)
  2 dart slugs (D:1)
  7 leopard geckos
  8 orcs
  2 ball pythons
  3 giant cockroaches
  8 goblins
  6 hobgoblins
  2 jackals (D:4)
  9 bats
  5 frilled lizards
  A jackal skeleton (D:4)
  A jackal zombie (D:8)
  9 kobolds
  6 rats
90 creatures vanquished.

Notes
Turn   | Place    | Note
-------+----------+-------------------------------------------
     0 | Abyss:1  | Gargoyl the Ghoul Abyssal Knight began the quest for the Orb.
     0 | Abyss:1  | Reached XP level 1. HP: 19/19 MP: 1/1
    82 | Abyss:3  | Noticed a blink frog
    82 | D:1      | Escaped the Abyss
   137 | D:1      | Reached * piety under Lugonu
   171 | D:1      | Reached XP level 2. HP: 16/26 MP: 2/2
   403 | D:1      | Reached skill level 1 in Dodging
   438 | D:1      | Reached XP level 3. HP: 30/33 MP: 3/3
   760 | D:2      | Reached ** piety under Lugonu
   912 | D:2      | Found a stormy altar of Qazlal.
  1161 | D:3      | Reached XP level 4. HP: 40/40 MP: 4/4
  1388 | D:3      | Found a snail-covered altar of Cheibriados.
  1417 | D:3      | Reached XP level 5. HP: 30/46 MP: 5/5
  1663 | D:3      | Noticed a big kobold
  1674 | D:3      | Killed a big kobold
  1674 | D:3      | Reached XP level 6. HP: 46/52 MP: 7/7
  1710 | D:3      | Reached *** piety under Lugonu
  2463 | D:4      | Got a faintly glowing dagger
  2464 | D:4      | Identified the +5 dagger of Yeast {pierce, rElec rC+ rN+ Str-5} (You found it on level 4 of the Dungeon)
  2686 | D:4      | Reached XP level 7. HP: 54/59 MP: 8/8
  2855 | D:4      | Found Girol's Distillery.
  2859 | D:4      | Bought a potion of heal wounds for 65 gold pieces
  2947 | D:5      | Entered Level 5 of the Dungeon
  3100 | D:5      | You fall through a shaft for 3 floors!
  3127 | D:8      | Noticed Erica
  3167 | D:8      | HP: 2/60 [something (4)]
  3178 | D:8      | HP: 3/60 [Erica/scimitar of flaming (2)]
  3186 | D:8      | Slain by Erica

Skill      XL: |  1  2  3  4  5  6 |
---------------+-------------------+-----
Dodging        | 1 |  1.9
Axes           | 2 3 4 |  4.3
Armour         | 2 3 |  3.8
Fighting       | 4 |  4.3
Invocations    | 3 |  3.6
Shields        | |  0.1

Action                   |  1- 3 |  4- 6 |  7- 9 || total
-------------------------+-------+-------+-------++-------
Melee: Hand axe          |    99 |    66 |       ||   165
       War axe           |       |   109 |    40 ||   149
Invok: Depart the Abyss  |     1 |       |       ||     1
  Use: Scroll            |     8 |     5 |     1 ||    14
       Potion            |       |     3 |     6 ||     9
  Eat: Chunk             |    17 |    14 |     2 ||    33
Armor: Leather armour    |    32 |       |       ||    32
       Ring mail         |     4 |    59 |    15 ||    78
Dodge: Dodged            |   110 |   146 |    17 ||   273
Block: Buckler           |     4 |    33 |     1 ||    38
